 Dungeon Crawl Stone Soup version 0.20.1-1-g8b1a95d (webtiles) character file.

1366 Reinor the Magician (level 8, -1/37 HPs)
             Began as a Spriggan Earth Elementalist on July 3, 2017.
             Slain by Pikel
             ... wielding a +1 whip of freezing
              (7 damage)
             ... on level 5 of the Dungeon.
             The game lasted 00:16:17 (5550 turns).

Reinor the Magician (Spriggan Earth Elementalist)   Turns: 5550, Time: 00:16:18

Health: -1/37      AC:  2    Str:  4    XL:     8   Next: 38%
Magic:  2/19       EV: 25    Int: 19    God:
Gold:   355        SH:  0    Dex: 25    Spells: 14/20 levels left

rFire    . . .     SeeInvis +   y - +9 hand axe of Disgust {elec, *Contam rElec Dex+9}
rCold    . . .     Gourm    .   (shield restricted)
rNeg     . . .     Faith    .   c - +0 robe
rPois    .         Spirit   .   (helmet restricted)
rElec    +         Reflect  .   (no cloak)
rCorr    .         Harm     .   (gloves unavailable)
MR       +....     Rnd*Tele +   (boots unavailable)
Stlth    +++.......             (no amulet)
Regen    0.2/turn               o - ring of teleportation (curse)
MPRegen  0.2/turn               f - +5 ring of evasion

@: lethally poisoned (-1 -> -3), very quick
A: unfitting armour, see invisible, herbivore 3, speed 3, slow metabolism 2
a: no special abilities


You were on level 5 of the Dungeon.
You were hungry.

You visited 1 branch of the dungeon, and saw 5 of its levels.

You collected 355 gold pieces.

Inventory:

Hand Weapons
 i - a +1 dagger of speed
 y - the +9 hand axe of Disgust (weapon) {elec, *Contam rElec Dex+9}
   (You found it on level 4 of the Dungeon)

   Occasionally, upon striking a foe, it will discharge some electrical energy
   and cause terrible harm.
   It affects your dexterity (+9).
   It insulates you from electricity.
   It causes magical contamination when unequipped.
Missiles
 g - 23 poisoned needles
 s - 85 stones (quivered)
Armour
 c - a +0 robe (worn)
Jewellery
 a - an uncursed ring of flight
 f - a +5 ring of evasion (right hand)
 o - a cursed ring of teleportation (left hand)
Wands
 j - a wand of flame (45/48)
 p - a wand of paralysis (7/24)
 q - a wand of random effects (3/48)
 t - a wand of iceblast (4/15)
 A - a wand of lightning (11/15)
Scrolls
 k - a scroll of recharging
 u - 2 scrolls of magic mapping
 w - 2 scrolls of remove curse
 z - a scroll of blinking
 D - 3 scrolls of identify
Potions
 b - a potion of cancellation
 m - 3 potions of lignification
 n - a potion of degeneration {unknown}
 r - 3 potions of heal wounds
 v - a potion of resistance
 x - a potion of brilliance
 C - 2 potions of magic {unknown}
 E - a potion of might
 F - a potion of flight {unknown}
Books
 e - a book of Geomancy

   Spells                             Type                      Level
   a - Sandblast                      Earth                        1
   b - Passwall                       Transmutation/Earth          2
   c - Stone Arrow                    Conjuration/Earth            3
   d - Petrify                        Transmutation/Earth          4
   e - Lee's Rapid Deconstruction     Earth                        5
 B - a book of Flames

   Spells                             Type                      Level
   a - Flame Tongue                   Conjuration/Fire             1
   b - Throw Flame                    Conjuration/Fire             2
   c - Conjure Flame                  Conjuration/Fire             3
   d - Inner Flame                    Hexes/Fire                   3
   e - Sticky Flame                   Conjuration/Fire             4
   f - Fireball                       Conjuration/Fire             5
Comestibles
 d - 4 bread rations
 h - 10 fruits
 l - 2 royal jellies


   Skills:
 + Level 1.4 Fighting
 - Level 3.4 Dodging
 - Level 3.0 Stealth
 + Level 6.8 Spellcasting
 - Level 3.1 Conjurations
 - Level 6.1 Transmutations
 + Level 5.6 Earth Magic


You had 14 spell levels left.
You knew the following spells:

 Your Spells              Type           Power        Failure   Level  Hunger
a - Sandblast             Erth           ####..       1%          1    None
b - Passwall              Tmut/Erth      ####......   1%          2    None
c - Stone Arrow           Conj/Erth      ###...       4%          3    #......


Dungeon Overview and Level Annotations

Branches:
Dungeon (5/15)             Temple (0/1) D:5

Altars:
Dithmenos
Trog
Uskayaw
Xom
Yredelemnul

Annotations:
D:5 Dowan, Duvessa, Pikel


Innate Abilities, Weirdness & Mutations

You are very small and have problems with some larger weapons.
You are too small for most types of armour.
You have supernaturally acute eyesight. (SInv)
You are a herbivore.
You cover ground extremely quickly.
You need consume almost no food.


Message History

Aiming: Stone Arrow
Press: ? - help, Shift-Dir - straight line, f/p - Pikel
Aim: Pikel, wielding a whip of freezing and wearing a robe (heavily wounded, unusually strong)
The stone arrow misses Pikel.
The stone arrow hits the slave.
The slave is almost dead.
Pikel misses you.
Casting: Stone Arrow
Confirm with . or Enter, or press ? or * to list all spells.
Aiming: Stone Arrow
Press: ? - help, Shift-Dir - straight line, f/p - Pikel
Aim: Pikel, wielding a whip of freezing and wearing a robe (heavily wounded, unusually strong)
The stone arrow misses Pikel.
The stone arrow hits the slave.
You kill the slave!
That felt strangely unrewarding.
You feel sick. Pikel closely misses you.
You hit Pikel. Lightning courses through Pikel!
Pikel is almost dead.
Pikel hits you with a whip of freezing!
* * * LOW HITPOINT WARNING * * *
Pikel freezes you!
You die...

#.#### ##.♣.♣.## *****,*
#.##.## ##.......## **,,*
#.#...####.........#***,,,*
##........+.........+,,,,,,,
##.#....####$e.......#***,,,*
#.##...## *#..<....#*****,,*
##.#..## *#.....#* *,,,,,,
##.#.# #######pp.#* *,***,*
###.# #...@Kee.## *,* *,* #.#
#.#####..# *,* *,*
#.###.#####..# *>***,*
#........##..## *,,,,,,
#####.#...#...## *****,*
#..#.#.....#*******,*
#.........#...$.,,,,*
#.##.##..##...##*****
#.##..........#


You could see Pikel, Duvessa, 2 slaves and Dowan (invisible).

Vanquished Creatures
  The ghost of RicketyTrickster the Cutter, a novice KoBe of Trog (D:4)
  Sigmund (D:2)
  Eustachio (D:4)
  Edmund (D:5)
  A slave (D:5)
  2 phantoms
  A scorpion (D:5)
  A howler monkey (D:4)
  A gnoll shaman (D:5)
  2 orc priests
  An orc wizard (D:3)
  Jessica (D:3)
  Ijyb (D:3)
  Terence (D:2)
  2 worker ants (D:5)
  Robin (D:2)
  5 gnolls (D:5)
  5 adders
  An adder skeleton (D:5)
  2 worms
  2 leopard geckos
  11 orcs
  4 bats (D:3)
  3 giant cockroaches
  11 goblins
  7 hobgoblins
  10 jackals
  A quokka (D:3)
  6 frilled lizards
  7 kobolds
  9 rats
103 creatures vanquished.

Notes
Turn   | Place    | Note
-------+----------+-------------------------------------------
     0 | D:1      | Reinor the Spriggan Earth Elementalist began the quest for the Orb.
     0 | D:1      | Reached XP level 1. HP: 9/9 MP: 5/5
   394 | D:1      | Reached XP level 2. HP: 3/13 MP: 4/6
   630 | D:1      | Learned a level 2 spell: Passwall
  1165 | D:2      | Reached XP level 3. HP: 5/16 MP: 1/8
  1482 | D:2      | Found a basalt altar of Yredelemnul.
  1522 | D:2      | Noticed Terence
  1542 | D:2      | Killed Terence
  1721 | D:2      | Found a hide-covered altar of Uskayaw.
  1726 | D:2      | Reached XP level 4. HP: 21/21 MP: 8/11
  1741 | D:2      | Noticed Robin
  1830 | D:2      | Learned a level 3 spell: Stone Arrow
  1836 | D:2      | Killed Robin
  2149 | D:2      | Noticed Sigmund
  2217 | D:2      | Killed Sigmund
  2217 | D:2      | Reached skill level 5 in Spellcasting
  2217 | D:2      | Reached XP level 5. HP: 24/24 MP: 0/14
  2584 | D:3      | Found a basalt altar of Yredelemnul.
  2722 | D:3      | Reached XP level 6. HP: 22/28 MP: 8/15
  2853 | D:3      | Found a bloodstained altar of Trog.
  2872 | D:3      | Noticed Jessica
  2874 | D:3      | Killed Jessica
  2924 | D:3      | Found a glowing golden altar of the Shining One.
  2926 | D:3      | Found a glowing golden altar of the Shining One.
  2926 | D:3      | Found a shimmering altar of Xom.
  2928 | D:3      | Found a blossoming altar of Fedhas.
  2928 | D:3      | Found an ancient bone altar of Kikubaaqudgha.
  2928 | D:3      | Found a shimmering altar of Xom.
  2986 | D:3      | Noticed Ijyb
  3007 | D:3      | Killed Ijyb
  3007 | D:3      | Reached skill level 5 in Earth Magic
  3822 | D:4      | Reached skill level 1 in Conjurations
  3822 | D:4      | Reached XP level 7. HP: 24/32 MP: 9/17
  4021 | D:4      | Noticed Eustachio
  4026 | D:4      | Killed Eustachio
  4185 | D:4      | Got a transparent hand axe
  4186 | D:4      | Identified the +9 hand axe of Disgust {elec, *Contam rElec Dex+9} (You found it on level 4 of the Dungeon)
  4240 | D:4      | Noticed RicketyTrickster's ghost (novice KoBe)
  4282 | D:4      | Killed RicketyTrickster's ghost
  4282 | D:4      | Reached skill level 5 in Transmutations
  4610 | D:5      | Entered Level 5 of the Dungeon
  4727 | D:5      | Reached XP level 8. HP: 22/36 MP: 8/18
  5244 | D:5      | Found a shadowy altar of Dithmenos.
  5370 | D:5      | Noticed Edmund
  5379 | D:5      | Killed Edmund
  5379 | D:5      | Reached skill level 1 in Fighting
  5533 | D:5      | Noticed Duvessa
  5533 | D:5      | Noticed Dowan
  5533 | D:5      | Noticed Pikel
  5550 | D:5      | Slain by Pikel

Skill      XL: |  1  2  3  4  5  6  7  8 |
---------------+-------------------------+-----
Spellcasting   | 3 4 5 6 |  6.8
Earth Magic    | 3 4 5 |  5.6
Transmutations | 2 5 6 |  6.1
Conjurations   | 1 3 |  3.1
Fighting       | 1 |  1.4
Dodging        | |  3.4
Stealth        | |  3.0

Action                   |  1- 3 |  4- 6 |  7- 9 || total
-------------------------+-------+-------+-------++-------
Melee: Unarmed           |    42 |       |       ||    42
       Dagger            |    15 |   115 |       ||   130
       Hand axe          |       |       |    53 ||    53
 Cast: Sandblast         |    43 |    20 |     8 ||    71
       Stone Arrow       |       |    32 |    24 ||    56
       Passwall          |       |       |     9 ||     9
Evoke: Wand              |       |       |     7 ||     7
  Use: Scroll            |     3 |     5 |     6 ||    14
 Stab: Sleeping          |     1 |       |     2 ||     3
       Confused          |       |       |     2 ||     2
  Eat: Royal jelly       |       |     1 |     1 ||     2
Armor: Robe              |     2 |    10 |     1 ||    13
Dodge: Dodged            |    66 |    93 |    58 ||   217
